Unix NetHack Version 5.0.0-0 post-release - last build May  4 2026 22:22:43 (774f63e81ad911689b3a0859ea89b322d5daca8d,branch:main).

Game began 2026-05-07 02:44:05, ended 2026-05-07 02:49:01.

DeathOnAStick, neutral male human Tourist

                                                                       #
                                               ------------          --+-----
                                               |..........|          |.....`|
                    #    #                 ####.....>.....|     #####.......|
                   -+----+---------        #   ----------|-     #    |.<....|
                   |.?.............#####d@##             #      #    |......|
                   |.........     |                 #################.......|
                   |              .#######          #      ######    --.-----
                ###-              |      ##       --.------#           #
 ------      ####  ----------------       ##      |........#           #
 |    |     ##                             #      |......>|            #
 |    |     #                              ###    |.......-#          ##
 |    |     #                                #####|.{.....|#    ------.-
 |    -######                                    #|.......|###  |......|
 |    |                                          #+.......|  #  |......|
 |    |                                           ---------  #  |......|
 ------                                                      ###.......|
                                                                --------

DeathOnAStick the Rambler   St:10 Dx:12 Co:18 In:12 Wi:8 Ch:15  Neutral S:188
Dlvl:2  $:178 HP:0(10) Pw:2(2) AC:10 Xp:1/18 T:307 

Latest messages:
 You see here a +2 dart.
 You hear the splashing of a naiad.
 a - a +2 dart (at the ready) (30 in total).
 You swap places with Fido.
 You descend the stairs.
 What do you want to read? [iqtu or ?*] i
 As you read the scroll, it disappears.
 A map coalesces in your mind!
 Please move the cursor to a monster, object or location.
 (For instructions type a '?')
 You climb up the stairs.
 You swap places with Fido.
 The grid bug bites!
 You get zapped!
 You hit the grid bug.
 Fido misses the grid bug.
 The grid bug bites!
 You get zapped!
 Fido bites the grid bug.
 In what direction? h
 The dart misses the grid bug.
 Fido misses the grid bug.
 The grid bug bites!
 You get zapped!
 In what direction? h
 The dart misses the grid bug.
 Fido bites the grid bug.
 The grid bug is killed!
 You see here 2 +2 darts.
 a - 2 +2 darts (at the ready) (30 in total).
 You see here an oval amulet.
 You see here an oval amulet.
 z - an oval amulet.
 You descend the stairs.
 You climb up the stairs.
 The fox bites!
 You hit the fox.
 The fox bites!
 You miss the fox.
 The fox bites!
 The fox bites!
 You stop.  Fido is in the way!
 The fox bites!
 The fox bites!
 You die...
 Do you want your possessions identified? [ynq] (y) y
 Do you want to see your attributes? [ynq] (y) y
 Do you want an account of creatures vanquished? [ynaq] (y) y
 Do you want to see your conduct and achievements? [ynq] (y) y
 Do you want to see the dungeon overview? [ynq] (y) y

Inventory:
 Coins    ('$')
  $ - 178 gold pieces
 Amulets  ('"')
  z - a cursed amulet of change
 Weapons  (')')
  a - 30 +2 darts (at the ready)
  p - a +0 club
 Armor    ('[')
  k - an uncursed +0 Hawaiian shirt with a flamingo motif
 Comestibles  ('%')
  b - an uncursed randomfruit
  c - 2 uncursed cram rations
  e - 3 uncursed food rations
  d - 4 uncursed fortune cookies
  o - an uncursed lembas wafer
  g - 2 uncursed tripe rations
  f - an uncursed tin of pickled jackal meat
  y - an uncursed egg
 Scrolls  ('?')
  u - an uncursed scroll of confuse monster
  t - an uncursed scroll of identify
  q - an uncursed scroll of light
  i - 2 uncursed scrolls of magic mapping
 Potions  ('!')
  h - 2 uncursed potions of extra healing
  r - an uncursed potion of fruit juice
  w - 2 uncursed potions of healing
 Tools    ('(')
  x - an uncursed credit card
  v - an expensive camera (0:39)
  n - a magic marker (0:22)
 Gems/Stones  ('*')
  s - an uncursed amber stone

DeathOnAStick the Tourist's attributes:

Background:
 You were a Rambler, a level 1 male human Tourist.
 You were neutral, on a mission for The Lady
 who was opposed by Blind Io (lawful) and Offler (chaotic).
 You were right-handed.
 You were in the Dungeons of Doom, on level 2.
 You entered the dungeon 307 turns ago.
 It was nighttime.
 You had 18 experience points, 2 more were needed to attain level 2.
 Your score was 188 before end-of-game adjustments.

Basics:
 You had 0 out of 10 hit points.
 You had both energy points (spell power).
 Your armor class was 10.
 Your wallet contained 178 zorkmids.
 Autopickup was off.

Final Characteristics:
 Your strength was 10 (limit:18/100).
 Your dexterity was 12 (limit:18).
 Your constitution was 18 (limit:18).
 Your intelligence was 12 (limit:18).
 Your wisdom was 8 (limit:18).
 Your charisma was 15 (limit:18).

Final Status:
 You weren't hungry.
 You were unencumbered.
 You were bare handed.
 You were unskilled in bare handed combat.
 You weren't wearing any armor.

Final Attributes:
 You were aligned.
 You are dead.

Miscellaneous:
 You didn't encounter any bones levels.
 Total elapsed playing time was 4 minutes and 54 seconds.

Major events:
 Turn
    1: DeathOnAStick the neutral male human Tourist entered the dungeon
  287: entered the Gnomish Mines
  307: killed by a fox

You didn't know any spells.

Skills:
 Fighting Skills
   bare handed combat [Unskilled]
   two weapon combat  [Unskilled]
   riding             [Unskilled]
 Weapon Skills
   dagger             [Unskilled]
   knife              [Unskilled]
   axe                [Unskilled]
   pick-axe           [Unskilled]
   short sword        [Unskilled]
   broadsword         [Unskilled]
   long sword         [Unskilled]
   two-handed sword   [Unskilled]
   saber              [Unskilled]
   mace               [Unskilled]
   morning star       [Unskilled]
   flail              [Unskilled]
   hammer             [Unskilled]
   quarterstaff       [Unskilled]
   polearms           [Unskilled]
   spear              [Unskilled]
   trident            [Unskilled]
   lance              [Unskilled]
   bow                [Unskilled]
   sling              [Unskilled]
   crossbow           [Unskilled]
   dart               [Basic]
   shuriken           [Unskilled]
   boomerang          [Unskilled]
   whip               [Unskilled]
   unicorn horn       [Unskilled]
 Spellcasting Skills
   divination spells  [Unskilled]
   enchantment spells [Unskilled]
   escape spells      [Unskilled]

Voluntary challenges:
 Character rerolling was not enabled.
 You went without food.
 You were an atheist.
 You never hit with a wielded weapon.
 You never genocided any monsters.
 You never polymorphed an object.
 You never changed form.
 You used no wishes.
Achievement:
 You entered the Gnomish Mines.

 The Dungeons of Doom: levels 1 to 3
    Level 1:
       A fountain.
    Level 2: <- You were here.
       An armor shop, a fountain.
       Stairs down to The Gnomish Mines.
       Final resting place for
          you, killed by a fox.
    Level 3:
       Many fountains, a sink.
 The Gnomish Mines:
    Level 3:


Vanquished creatures:
  2 jackals
  a goblin
  2 grid bugs
  a lichen
  a newt
7 creatures vanquished.

No species were genocided or became extinct.

Game over:
                       ----------
                      /          \
                     /    REST    \
                    /      IN      \
                   /     PEACE      \
                  /                  \
                  |  DeathOnAStick   |
                  |      178 Au      |
                  | killed by a fox  |
                  |                  |
                  |                  |
                  |                  |
                  |       2026       |
                 *|     *  *  *      | *
        _________)/\\_//(\/(/\)/\//\/|_)_______

Aloha DeathOnAStick the Tourist...

You died in The Dungeons of Doom on dungeon level 2 with 187 points,
and 178 pieces of gold, after 307 moves.
You were level 1 with a maximum of 10 hit points when you died.

